 Dungeon Crawl Stone Soup version 0.28-a0-71-g84acfa7270 (webtiles) character file.

Game seed: 16180173217639352149

12314 siradein the Fighter (level 11, -2/98 HPs)
             Began as a Demonspawn Berserker on Aug 2, 2021.
             Was an Elder of Trog.
             Slain by a four-headed hydra (14 damage)
             ... on level 11 of the Dungeon.
             The game lasted 00:23:56 (10744 turns).

siradein the Fighter (Demonspawn Berserker)        Turns: 10744, Time: 00:23:57

Health: -2/98      AC:  6    Str: 18    XL:     11   Next: 60%
Magic:  0/11       EV: 11    Int:  9    God:    Trog [****..]
Gold:   739        SH:  7    Dex: 15    Spells: 10/10 levels left

rFire   . . .      SeeInvis .   q - +0 war axe
rCold   . . .      Faith    .   w - +0 buckler
rNeg    . . .      Spirit   +   G - +0 troll leather armour
rPois   .          Reflect  .   (helmet restricted)
rElec   .          Harm     .   x - +0 cloak
rCorr   .          Rampage  .   (no gloves)
Will    ++...                   n - +0 pair of boots
Stlth   +.........              v - amulet of guardian spirit
HPRegen 2.26/turn               (no ring)
MPRegen 0.12/turn               (no ring)

@: strong-willed, regenerating
A: horns 1, large bone plates 1, foul stench 2, powered by death 3
a: Renounce Religion, Berserk, Trog's Hand, Brothers in Arms


You were on level 11 of the Dungeon.
You worshipped Trog.
Trog was greatly pleased with you.
You visited 1 branch of the dungeon, and saw 11 of its levels.

You collected 739 gold pieces.

Inventory:

Hand Weapons
 q - a +0 war axe (weapon)
Armour
 n - a +0 pair of boots (worn)
 w - a +0 buckler (worn)
 x - a +0 cloak (worn)
 G - a +0 troll leather armour (worn)
Jewellery
 e - a ring of fire
 h - a ring of fire
 v - an amulet of guardian spirit (around neck)
Wands
 c - a wand of charming (9)
 j - a wand of acid (15)
 k - a wand of flame (14)
 C - a wand of digging (4)
 E - a wand of mindburst (14)
 I - a wand of paralysis (11)
Scrolls
 b - 2 scrolls of teleportation {unknown}
 g - a scroll of torment {unknown}
 i - a scroll of magic mapping {unknown}
 m - 2 scrolls of fog {unknown}
 p - a scroll of fear {unknown}
 r - 2 scrolls of vulnerability {unknown}
 s - a scroll of immolation {unknown}
 t - a scroll of enchant armour {unknown}
 y - a scroll of brand weapon {unknown}
 A - 2 scrolls of amnesia {unknown}
Potions
 a - 3 potions of lignification
 d - a potion of attraction
 f - 8 potions of curing
 l - a potion of invisibility
 o - 2 potions of heal wounds
 u - 5 potions of might
 z - 2 potions of berserk rage
 B - a potion of haste
 D - a potion of resistance
 F - a potion of ambrosia {unknown}
 H - a potion of flight {unknown}


   Skills:
 + Level 13.2 Fighting
 + Level 12.2 Axes
 - Level 1.7 Armour
 - Level 1.7 Dodging


You had 10 spell levels left.
You didn't know any spells.
Your spell library was empty.

Dungeon Overview and Level Annotations

Branches:
Dungeon (11/15)            Temple (0/1) D:6            Lair (0/6) D:9
    Orc: D:9-12

Altars:
Ashenzari
Cheibriados
Kikubaaqudgha
Uskayaw
Vehumet
Xom

Shops:
D:2 :   D:8 [

Annotations:
D:3 1 runed translucent door


Innate Abilities, Weirdness & Mutations

You have a pair of small horns on your head.
You are partially covered in large bone plates. (SH +4)
You sometimes emit foul miasma when damaged in melee.
You regenerate a lot of health from kills.


Message History

You're still recovering from your berserk rage.
You hit the white ugly thing.
The white ugly thing is lightly wounded.
You block the white ugly thing's attack.
The white ugly thing kicks you but does no damage.
You barely miss the white ugly thing. You headbutt the white ugly thing.
The white ugly thing is moderately wounded.
The white ugly thing kicks you. The white ugly thing freezes you!!
You are too injured to fight recklessly!
You are too injured to fight recklessly!
The white ugly thing kicks you! The white ugly thing freezes you!
* * * LOW HITPOINT WARNING * * *
You emit a cloud of foul miasma!
You feel yourself speed up.
The white ugly thing is engulfed in dark miasma.
The white ugly thing is poisoned.
The white ugly thing seems to slow down.
Okay, then.
Your skin crawls.
You feel strong-willed.
You block the white ugly thing's attack.
You're still recovering from your berserk rage.
A four-headed hydra comes into view.
The white ugly thing is no longer moving slowly.
The white ugly thing looks more healthy.
You block the white ugly thing's attack.
The four-headed hydra closely misses you.
The four-headed hydra bites you!
You emit a cloud of foul miasma!
The four-headed hydra bites you.
The four-headed hydra bites you but does no damage.
The four-headed hydra is engulfed in dark miasma.
The four-headed hydra is poisoned.
The white ugly thing kicks you! The white ugly thing freezes you!!
* * * LOW HITPOINT WARNING * * *
You recover from your berserk rage.
The four-headed hydra bites you.
* * * LOW HITPOINT WARNING * * *
The four-headed hydra bites you but does no damage. x2
The four-headed hydra bites you!
You die...

.# #.............#
.#
##.###########.#
.# #..# ......')#
.# #..# ......#)#
.# #..#
......#).... .#
#..# ..... #.....
.# #+######..#
..... #..... .#
#.........# ....
#..... .#
#........@####....
#####. .#
#........D...# +.
.. ........u.....#
#. ..
..........○...# #.
.......?......#
########.
.....#+######.#
#........ .....
#.# #........
..... #.#
#..>..... . #.#
#........


You could see a four-headed hydra (poisoned) and a white ugly thing.

Vanquished Creatures
  Erica (D:10)
  2 two-headed ogres
  3 death yaks (D:9)
  Pikel (D:7)
  A kobold demonologist (D:11)
  A troll (D:10)
  Prince Ribbit (D:5)
  A hornet (D:7)
  A vampire (D:10)
  2 shadows
  16 yaks
  Eustachio (D:5)
  Menkaure (D:7)
  3 water moccasins
  Duvessa (D:5)
  An acid dragon (D:9)
  An orc warrior (D:9)
  2 black bears
  A hornet zombie (D:6)
  The ghost of Corinon the Skirmisher, an amateur MiFi (D:3)
  A sky beast (D:8)
  2 ice beasts
  2 ogres
  4 centaurs
  A lemure (D:7)
  A phantom (D:5)
  5 kobold brigands
  3 bullfrogs
  3 scorpions
  Dowan (D:5)
  9 killer bees
  7 wights
  3 centaur zombies
  2 centaur skeletons
  A jelly (D:4)
  Crazy Yiuf (D:5)
  A bullfrog skeleton (D:7)
  2 hounds
  3 iguanas
  3 orc wizards (D:9)
  A killer bee zombie (D:7)
  2 howler monkey zombies
  3 gnolls (D:5)
  8 adders
  2 river rats (D:9)
  2 shadow imps
  2 white imps
  2 ufetubi
  4 worms
  2 dart slugs (D:3)
  17 orcs
  5 endoplasms
  3 giant cockroaches
  6 hobgoblins
  14 jackals
  6 quokkas
  6 ball pythons
  7 bats
  2 frilled lizards (D:2)
  11 goblins
  10 kobolds
  6 rats
218 creatures vanquished.

Vanquished Creatures (others)
  A human (D:10)
1 creature vanquished.

Grand Total: 219 creatures vanquished

Notes
Turn   | Place    | Note
-------+----------+-------------------------------------------
     0 | D:1      | siradein the Demonspawn Berserker began the quest for the
                  | Orb.
     0 | D:1      | Reached XP level 1. HP: 18/18 MP: 1/1
   137 | D:1      | Gained mutation: You regenerate a little health from kills.
                  | [demonic ancestry]
   137 | D:1      | Reached XP level 2. HP: 1/24 MP: 2/2
  1125 | D:1      | Found a faded altar of an unknown god.
  1205 | D:2      | Gained mutation: You regenerate health from kills. [demonic
                  | ancestry]
  1205 | D:2      | Reached XP level 3. HP: 25/29 MP: 3/3
  1227 | D:2      | Found Lisein's Book Boutique.
  1478 | D:2      | Reached ** piety under Trog
  1694 | D:2      | Noticed a black bear
  1703 | D:2      | Killed a black bear
  1704 | D:2      | Reached skill level 4 in Fighting
  1704 | D:2      | Gained mutation: You regenerate a lot of health from kills.
                  | [demonic ancestry]
  1704 | D:2      | Reached XP level 4. HP: 37/38 MP: 4/4
  1704 | D:2      | Gained mutation: You may rarely emit foul miasma when
                  | damaged in melee. [demonic ancestry]
  1704 | D:2      | Reached XP level 5. HP: 41/43 MP: 5/5
  2135 | D:3      | Noticed an ice beast
  2153 | D:3      | Killed an ice beast
  2154 | D:3      | Reached skill level 5 in Fighting
  2277 | D:3      | Gained mutation: You sometimes emit foul miasma when
                  | damaged in melee. [demonic ancestry]
  2277 | D:3      | Reached XP level 6. HP: 51/51 MP: 6/6
  2434 | D:3      | Found a runed translucent door.
  2435 | D:3      | Noticed Corinon's ghost (amateur MiFi)
  2615 | D:3      | Found a runed translucent door.
  2653 | D:3      | Killed Corinon's ghost
  2654 | D:3      | Reached skill level 5 in Axes
  3092 | D:4      | Reached skill level 6 in Fighting
  3092 | D:4      | Gained mutation: You are partially covered in large bone
                  | plates. (SH +4) [demonic ancestry]
  3092 | D:4      | Reached XP level 7. HP: 50/58 MP: 7/7
  4123 | D:4      | Found a broken altar of Ashenzari.
  4274 | D:5      | Entered Level 5 of the Dungeon
  4292 | D:5      | Reached skill level 7 in Fighting
  4292 | D:5      | Noticed Duvessa
  4297 | D:5      | Noticed Dowan
  4300 | D:5      | Killed Duvessa
  4300 | D:5      | Reached *** piety under Trog
  4301 | D:5      | Reached XP level 8. HP: 67/67 MP: 8/8
  4304 | D:5      | Killed Dowan
  4631 | D:5      | Noticed Prince Ribbit
  4649 | D:5      | Killed Prince Ribbit
  4689 | D:5      | Reached skill level 8 in Fighting
  4846 | D:5      | Found a runed translucent door.
  4847 | D:5      | Noticed Crazy Yiuf
  5027 | D:5      | Noticed Eustachio
  5061 | D:5      | Killed Eustachio
  5234 | D:5      | Killed Crazy Yiuf
  5594 | D:6      | Noticed a two-headed ogre
  5595 | D:6      | Found a staircase to the Ecumenical Temple.
  5600 | D:6      | Killed a two-headed ogre
  5601 | D:6      | Reached skill level 9 in Fighting
  5601 | D:6      | Reached XP level 9. HP: 76/76 MP: 6/9
  6054 | D:7      | Noticed Pikel
  6063 | D:7      | Killed Pikel
  6105 | D:7      | Reached skill level 10 in Fighting
  6774 | D:7      | Noticed Menkaure
  6780 | D:7      | Killed Menkaure
  7366 | D:8      | Reached XP level 10. HP: 86/86 MP: 6/10
  7629 | D:8      | Reached skill level 10 in Axes
  7761 | D:8      | Found Hitexuig's Antique Armour Boutique.
  7982 | D:8      | Reached skill level 11 in Fighting
  8172 | D:9      | Reached **** piety under Trog
  8537 | D:9      | Reached skill level 12 in Fighting
  8927 | D:9      | Noticed a death yak
  8929 | D:9      | Noticed a death yak
  8930 | D:9      | Gained mutation: You have a pair of small horns on your
                  | head. [demonic ancestry]
  8930 | D:9      | Reached XP level 11. HP: 95/95 MP: 11/11
  8930 | D:9      | Noticed a death yak
  8939 | D:9      | Killed a death yak
  8949 | D:9      | Killed a death yak
  8954 | D:9      | Killed a death yak
  9056 | D:9      | Found a staircase to the Lair.
  9339 | D:10     | Entered Level 10 of the Dungeon
  9358 | D:10     | Found a snail-covered altar of Cheibriados.
  9420 | D:10     | Found a radiant altar of Vehumet.
  9499 | D:10     | Noticed Erica
  9513 | D:10     | Killed Erica
 10276 | D:10     | Found an ancient bone altar of Kikubaaqudgha.
 10341 | D:10     | Found a shimmering altar of Xom.
 10343 | D:10     | Found a hide-covered altar of Uskayaw.
 10450 | D:11     | Noticed a two-headed ogre
 10456 | D:11     | Killed a two-headed ogre
 10457 | D:11     | Reached skill level 13 in Fighting
 10722 | D:11     | Noticed a white ugly thing
 10736 | D:11     | Noticed a four-headed hydra
 10744 | D:11     | Slain by a four-headed hydra

Illustrated notes

Levels and vault maps discovered:
D:1:      eino_arrival_water_cross, layout_basic,
          hellmonk_ecumenical_altar_inner_sanctum
D:2:      layout_rooms, serial_shops, shop, grunt_decor_one_mirror,
          minmay_cut_off
D:3:      layout_basic, ebering_ghost_sewer_f, minmay_close_crescents
D:4:      layout_loops_ring, cheibrodos_ashenzari_chains,
          kennysheep_small_circle
D:5:      layout_gridville, uniq_crazy_yiuf_cottage, uniq_eustachio,
          uniq_duvessa, uniq_prince_ribbit1
D:6:      layout_basic, minmay_temple_entry_purple_smoke
D:7:      layout_basic, uniq_menkaure, uniq_pikel
D:8:      layout_basic, serial_shops, nicolae_lakefront_shop,
          kennysheep_generic_room_8
D:9:      layout_grid_maze, dpeg_lair_monsters, minmay_unpleasant_kobolds
D:10:     layout_stronghold, minitemple, tgw_kikubaaqudgha,
          nicolae_vehumet_radiance, kennysheep_generic_room_6, uniq_erica
D:11:     layout_irregular_city, kennysheep_orc_sif_temple

Skill      XL: |  1  2  3  4  5  6  7  8  9 10 11 |
---------------+----------------------------------+-----
Axes           | 3 4 5 6 8 9 11 12 | 12.2
Fighting       | 4 5 6 7 9 10 12 13 | 13.2
Armour         | |  1.7
Dodging        | |  1.7

Action                   |  1- 3 |  4- 6 |  7- 9 | 10-12 || total
-------------------------+-------+-------+-------+-------++-------
Melee: Hand axe          |   129 |    16 |       |       ||   145
       Whip              |       |   117 |       |       ||   117
       War axe           |       |     3 |   322 |   295 ||   620
       Headbutt          |       |       |       |    23 ||    23
Invok: Berserk           |     2 |     3 |     8 |    12 ||    25
       Trog's Hand       |     1 |     2 |     2 |     5 ||    10
  Use: Scroll            |       |       |    11 |       ||    11
 Stab: Sleeping          |     1 |       |       |       ||     1
Armor: Animal skin       |     9 |       |       |       ||     9
       Chain mail        |    86 |    80 |   175 |   118 ||   459
       Troll leather arm |       |       |       |     7 ||     7
Dodge: Dodged            |    78 |    45 |   128 |    87 ||   338
Block: Other             |       |       |    23 |       ||    23
       Buckler           |       |       |   105 |   111 ||   216

Table legend: (Time is in decaauts)
 A = Elapsed time spent in this place.
 B = Non-inter-level travel time spent in this place.
 C = Inter-level travel time spent in this place.
 D = Time resting spent in this place.
 E = Time spent auto-exploring this place.
 F = Levels seen in this place.
 G = Mean time per level.
                   A        B        C        D        E       F      G
               +--------+--------+--------+--------+--------+-----+--------+
         Total |  11040 |  10708 |    332 |   1014 |   7996 |  11 | 1003.6 |
       Dungeon |  11040 |  10708 |    332 |   1014 |   7996 |  11 | 1003.6 |
               +--------+--------+--------+--------+--------+-----+--------+

Top non-repeatable levels by time:
     D:9: 1384 daAuts
     D:3: 1334 daAuts
     D:7: 1250 daAuts
     D:1: 1162 daAuts
    D:10: 1103 daAuts
     D:4: 1062 daAuts
     D:5: 1049 daAuts
     D:2: 818 daAuts
     D:6: 777 daAuts
     D:8: 768 daAuts
    D:11: 328 daAuts
